 Dungeon Crawl Stone Soup version 0.27-a0-1358-ga0a28fc8c3 (webtiles) character file.

Game seed: 1093487103266452567

1770 Gargoyl the Skirmisher (level 9, -4/73 HPs)
             Began as a Gnoll Abyssal Knight on June 28, 2021.
             Was a Priest of Lugonu.
             Slain by a wyvern zombie (10 damage)
             ... on level 7 of the Dungeon.
             The game lasted 00:09:31 (8298 turns).

Gargoyl the Skirmisher (Gnoll Abyssal Knight)       Turns: 8298, Time: 00:09:32

Health: -4/73      AC: 10    Str: 15    XL:     9   Next: 7%
Magic:  0/14       EV: 12    Int: 10    God:    Lugonu [***...]
Gold:   29         SH:  0    Dex: 11    Spells: 15/15 levels left

rFire    + . .     SeeInvis .   f - +2 hand axe (venom)
rCold    . . .     Faith    .   (no shield)
rNeg     . . .     Spirit   +   p - +4 ring mail
rPois    .         Reflect  .   (no helmet)
rElec    .         Harm     .   (no cloak)
rCorr    .         Rampage  .   (no gloves)
Will     .....                  o - +1 pair of boots
Stlth    ++........             e - amulet of guardian spirit
HPRegen  0.22/turn              j - ring of flight
MPRegen  0.14/turn              (no ring)

@: flying
A: fangs 1, strong nose, distributed training, deformed body, dopey 1, fire
resistance 1
a: Renounce Religion, Depart the Abyss, Bend Space, Banish


You were on level 7 of the Dungeon.
You worshipped Lugonu.
Lugonu was most pleased with you.
You visited 1 branch of the dungeon, and saw 7 of its levels.
You visited the Abyss 1 time.

You collected 347 gold pieces.
You spent 318 gold pieces at shops.

Inventory:

Hand Weapons
 a - a +2 hand axe
 f - a +2 hand axe of venom (weapon)
Armour
 h - a +0 pair of boots
 o - a +1 pair of boots (worn)
 p - a +4 ring mail (worn)
Jewellery
 e - an amulet of guardian spirit (around neck)
 j - a ring of flight (left hand)
 m - an amulet of the acrobat
Wands
 c - a wand of iceblast (1)
 i - a wand of polymorph (13)
 k - a wand of flame (1)
Scrolls
 b - a scroll of teleportation
 n - a scroll of immolation {unknown}
Potions
 d - a potion of brilliance
 g - a potion of flight
 l - a potion of magic


   Skills:
 + Level 7.7 Fighting
 + Level 3.8 Short Blades
 + Level 3.8 Long Blades
 + Level 6.0 Axes
 + Level 3.8 Maces & Flails
 + Level 3.8 Polearms
 + Level 3.8 Staves
 + Level 3.8 Slings
 + Level 3.8 Bows
 + Level 3.8 Crossbows
 + Level 3.8 Throwing
 + Level 6.0 Armour
 + Level 4.7 Dodging
 + Level 3.8 Stealth
 + Level 3.8 Shields
 + Level 3.8 Unarmed Combat
 + Level 3.8 Spellcasting
 + Level 3.1 Conjurations
 + Level 3.1 Hexes
 + Level 3.1 Summonings
 + Level 3.1 Necromancy
 + Level 3.1 Translocations
 + Level 3.1 Transmutations
 + Level 3.1 Fire Magic
 + Level 3.1 Ice Magic
 + Level 3.1 Air Magic
 + Level 3.1 Earth Magic
 + Level 3.1 Poison Magic
 + Level 6.3 Invocations
 + Level 3.8 Evocations


You had 15 spell levels left.
You didn't know any spells.
Your spell library was empty.

Dungeon Overview and Level Annotations

Branches:
Dungeon (8/15)             Temple (0/1) D:4
   Lair: D:8-11

Altars:
Okawaru
Uskayaw

Shops:
D:8 *

Annotations:
D:5 Blork the orc


Innate Abilities, Weirdness & Mutations

You have very sharp teeth.
Your uncanny sense of smell can sniff out nearby items.
Your experience applies equally to all skills.
Armour fits poorly on your strangely shaped body.
You are dopey. (Int -2)
Your flesh is heat resistant. (rF+)


Message History

You barely miss the wyvern zombie.
The wyvern zombie is heavily damaged.
You barely miss something.
You feel less confused.
The wyvern zombie bites you but does no damage.
Something hits you.
Unknown command.
You hit something. You hit the wyvern zombie.
The wyvern zombie barely misses you.
You hear some strange, mumbled words.
You are confused.
Unknown command.
You bump into the rock wall.
The wyvern zombie misses you.
You hear some strange, mumbled words.
You are more confused.
The wyvern zombie closely misses you. The wyvern zombie bites you.
You're too confused to move!
The wyvern zombie bites you. Something hits you but does no damage.
You bump into the rock wall.
The wyvern zombie bites you!
* * * LOW HITPOINT WARNING * * *
You hear some strange, mumbled words.
Something tries to affect you, but you resist.
Okay, then.
You're too confused to move!
You bump into the rock wall.
You hear some strange, mumbled words.
A magic dart appears from out of thin air!
The magic dart hits you.
* * * LOW HITPOINT WARNING * * *
You bump into the rock wall.
Something hits you but does no damage.
You bump into the rock wall.
The wyvern zombie bites you.
* * * LOW HITPOINT WARNING * * *
Something hits you but does no damage.
Unknown command.
You hit the wyvern zombie but do no damage.
Your bite misses the wyvern zombie.
The wyvern zombie is heavily damaged.
You feel less confused. The wyvern zombie bites you!
You die...

### #.. #.###
#....# # #..#.#
... #..#.#
##...####..#.#
.......@Z{.#.#.#
##...#####.#.#.#
#.........#.#.#
####....).#.#
###..[)#.# ∆∆
+....##.#.#####
####.#..).....#
∆..#........#
...#........#


You could see a wyvern zombie.

Vanquished Creatures
  A water moccasin (D:8)
  An ice beast (D:5)
  2 orc warriors
  An ogre (D:5)
  A phantom (D:7)
  2 bullfrogs
  A wyvern zombie (D:7)
  3 scorpions
  A water moccasin zombie (D:7)
  A water moccasin skeleton (D:4)
  3 killer bees (D:8)
  3 wights (D:8)
  A howler monkey (D:5)
  An orc priest (D:7)
  A gnoll shaman (D:7)
  An iguana (D:4)
  2 orc wizards
  A killer bee zombie (D:8)
  2 hound skeletons
  6 adders
  8 gnolls
  A white imp (D:8)
  A worm (D:5)
  A dart slug (D:4)
  23 orcs
  5 ball pythons
  5 endoplasms
  2 giant cockroaches
  11 hobgoblins
  10 kobolds
  3 quokkas
  3 bats
  2 frilled lizards (D:1)
  2 goblins
  8 rats
120 creatures vanquished.

Vanquished Creatures (collateral kills)
  2 wights (D:8)
  A goblin (D:4)
3 creatures vanquished.

Grand Total: 123 creatures vanquished

Notes
Turn   | Place    | Note
-------+----------+-------------------------------------------
     0 | Abyss:1  | Gargoyl the Gnoll Abyssal Knight began the quest for the
                  | Orb.
     0 | Abyss:1  | Reached XP level 1. HP: 23/23 MP: 3/3
    36 | Abyss:1  | Found a corrupted altar of Lugonu.
   158 | Abyss:2  | Noticed a large abomination
   172 | D:1      | Escaped the Abyss
   382 | D:1      | Reached XP level 2. HP: 28/29 MP: 5/5
   768 | D:1      | Reached * piety under Lugonu
   980 | D:1      | Reached XP level 3. HP: 35/35 MP: 6/6
  1037 | D:1      | Found a faded altar of an unknown god.
  1503 | D:2      | Reached skill level 1 in Short Blades
  1503 | D:2      | Reached skill level 1 in Long Blades
  1503 | D:2      | Reached skill level 1 in Maces & Flails
  1503 | D:2      | Reached skill level 1 in Polearms
  1503 | D:2      | Reached skill level 1 in Staves
  1503 | D:2      | Reached skill level 1 in Slings
  1503 | D:2      | Reached skill level 1 in Bows
  1503 | D:2      | Reached skill level 1 in Crossbows
  1503 | D:2      | Reached skill level 1 in Throwing
  1503 | D:2      | Reached skill level 1 in Stealth
  1503 | D:2      | Reached skill level 1 in Shields
  1503 | D:2      | Reached skill level 1 in Unarmed Combat
  1503 | D:2      | Reached skill level 1 in Spellcasting
  1503 | D:2      | Reached skill level 1 in Evocations
  1503 | D:2      | Reached XP level 4. HP: 33/41 MP: 5/7
  1813 | D:2      | Found a hide-covered altar of Uskayaw.
  2281 | D:3      | Reached ** piety under Lugonu
  2282 | D:3      | Reached skill level 1 in Conjurations
  2282 | D:3      | Reached skill level 1 in Hexes
  2282 | D:3      | Reached skill level 1 in Summonings
  2282 | D:3      | Reached skill level 1 in Necromancy
  2282 | D:3      | Reached skill level 1 in Translocations
  2282 | D:3      | Reached skill level 1 in Transmutations
  2282 | D:3      | Reached skill level 1 in Fire Magic
  2282 | D:3      | Reached skill level 1 in Ice Magic
  2282 | D:3      | Reached skill level 1 in Air Magic
  2282 | D:3      | Reached skill level 1 in Earth Magic
  2282 | D:3      | Reached skill level 1 in Poison Magic
  2333 | D:3      | Reached XP level 5. HP: 47/47 MP: 8/8
  3328 | D:4      | Reached skill level 5 in Invocations
  3474 | D:4      | Reached XP level 6. HP: 52/53 MP: 9/9
  3605 | D:4      | Found a staircase to the Ecumenical Temple.
  3825 | D:4      | Reached skill level 5 in Axes
  3825 | D:4      | Reached skill level 5 in Armour
  4184 | D:5      | Entered Level 5 of the Dungeon
  4898 | D:5      | Noticed an ice beast
  4914 | D:5      | Killed an ice beast
  4915 | D:5      | Reached skill level 7 in Fighting
  4915 | D:5      | Reached XP level 7. HP: 26/60 MP: 5/10
  5220 | D:5      | Identified the +1 robe of the First Visionaries {rC+ Will+}
  5261 | D:5      | Noticed Blork the orc
  5278 | D:5      | You are sucked into a shaft and drop 3 floors!
  5437 | D:8      | Found an iron altar of Okawaru.
  5755 | D:8      | Gained mutation: Your flesh is heat resistant. (rF+)
                  | [potion of mutation]
  5755 | D:8      | Gained mutation: Armour fits poorly on your strangely
                  | shaped body. [potion of mutation]
  5755 | D:8      | Gained mutation: You are dopey. (Int -2) [potion of
                  | mutation]
  5757 | D:8      | Reached *** piety under Lugonu
  5761 | D:8      | Reached XP level 8. HP: 15/67 MP: 3/12
  6611 | D:8      | Noticed a manticore
  6760 | D:8      | Found Ysketil's General Store.
  6772 | D:8      | Bought 2 scrolls of enchant weapon for 180 gold pieces
  6772 | D:8      | Bought a +1 pair of boots for 138 gold pieces
  7842 | D:8      | Reached XP level 9. HP: 36/72 MP: 9/14
  8298 | D:7      | Slain by a wyvern zombie

Illustrated notes

Levels and vault maps discovered:
D:1:      onia_arrival_handbag, layout_basic,
          shapermc_ecumenical_altar_mp_urbaneastern, minmay_door_square,
          minivault_25
D:2:      layout_basic, basic_altar, kennysheep_doodads
D:3:      minmay_diamond_boxcup, layout_loops_ring
D:4:      layout_cave_pods, temple_pool_b
D:5:      layout_loops_ring, serial_shops, kennysheep_little_box,
          uniq_blork_the_orc
D:7:      layout_basic, nicolae_yredelemnul_ghost_church, minivault_5,
          grunt_ministairs_13
D:8:      minmay_cornered_nines, layout_basic, nicolae_overflow_hidden_temple,
          okawaru_ov_weapons_minmay, serial_shops, nicolae_stop_n_shop_1

Skill      XL: |  1  2  3  4  5  6  7  8 |
---------------+-------------------------+-----
Short Blades   | 1 2 3 |  3.8
Long Blades    | 1 2 3 |  3.8
Maces & Flails | 1 2 3 |  3.8
Polearms       | 1 2 3 |  3.8
Staves         | 1 2 3 |  3.8
Slings         | 1 2 3 |  3.8
Bows           | 1 2 3 |  3.8
Crossbows      | 1 2 3 |  3.8
Throwing       | 1 2 3 |  3.8
Stealth        | 1 2 3 |  3.8
Shields        | 1 2 3 |  3.8
Unarmed Combat | 1 2 3 |  3.8
Spellcasting   | 1 2 3 |  3.8
Evocations     | 1 2 3 |  3.8
Conjurations   | 1 2 3 |  3.1
Hexes          | 1 2 3 |  3.1
Summonings     | 1 2 3 |  3.1
Necromancy     | 1 2 3 |  3.1
Translocations | 1 2 3 |  3.1
Transmutations | 1 2 3 |  3.1
Fire Magic     | 1 2 3 |  3.1
Ice Magic      | 1 2 3 |  3.1
Air Magic      | 1 2 3 |  3.1
Earth Magic    | 1 2 3 |  3.1
Poison Magic   | 1 2 3 |  3.1
Dodging        | 3 4 |  4.7
Invocations    | 5 6 |  6.3
Axes           | 5 6 |  6.0
Armour         | 5 6 |  6.0
Fighting       | 7 |  7.7

Action                   |  1- 3 |  4- 6 |  7- 9 || total
-------------------------+-------+-------+-------++-------
Melee: Hand axe          |    96 |   212 |   222 ||   530
       Bite              |     3 |    20 |    21 ||    44
       Punch             |       |     1 |     3 ||     4
Invok: Depart the Abyss  |     1 |       |       ||     1
       Bend Space        |       |       |     1 ||     1
       Banish            |       |       |     1 ||     1
Evoke: Wand              |       |       |    13 ||    13
  Use: Scroll            |     2 |     2 |     6 ||    10
       Potion            |       |       |     4 ||     4
Armor: Ring mail         |    63 |    98 |    94 ||   255
       Leather armour    |     1 |       |       ||     1
       Skin              |       |       |    12 ||    12
Dodge: Dodged            |    78 |   113 |   129 ||   320

Table legend: (Time is in decaauts)
 A = Elapsed time spent in this place.
 B = Non-inter-level travel time spent in this place.
 C = Inter-level travel time spent in this place.
 D = Time resting spent in this place.
 E = Time spent auto-exploring this place.
 F = Levels seen in this place.
 G = Mean time per level.
                   A        B        C        D        E       F      G
               +--------+--------+--------+--------+--------+-----+--------+
         Total |   8326 |   8201 |    125 |   2076 |   4815 |   9 |  925.1 |
       Dungeon |   8155 |   8030 |    125 |   2076 |   4663 |   7 | 1165.0 |
         Abyss |    171 |    171 |      0 |      0 |    152 |   2 |   85.5 |
               +--------+--------+--------+--------+--------+-----+--------+

Top non-repeatable levels by time:
     D:8: 2371 daAuts
     D:4: 1269 daAuts
     D:5: 1100 daAuts
     D:2: 1079 daAuts
     D:1: 972 daAuts
     D:3: 704 daAuts
     D:7: 656 daAuts
 Abyss:1: 151 daAuts
 Abyss:2: 20 daAuts
